AoeStats
← eNZo STaR

African Clearing

510318331Analyzed
2v2 RM · 17h ago on Sep 30, 2026· 46m 38s· 4 players
Game mode
Random Map
Map size
Medium (4 player)
Population
200
Speed
Normal
Resources
Standard
Victory
Conquest
Starting age
Dark Age
Ending age
Imperial Age
RankedLock teamsTeams togetherTeam positionsShared explorationLock speedFull tech treeHidden civsTurbo modeCheats
Victory
Defeat
🇪🇸 Britons · Spain
1225
+16
🇪🇸 Saracens · Spain
1196
+16
🇻🇳 Mongols · Vietnam
1219
-16
🇻🇳 Vietnamese · Vietnam
1219
-16
eNZo STaR
8:23 Loom
11:18 Feudal Age
12:16 Double-Bit Axe
16:31 Wheelbarrow
19:52 Castle Age
21:15 Scale Barding Armor
21:21 Forging
23:22 Fletching
25:12 Crossbowman
26:28 Padded Archer Armor
28:08 Bodkin Arrow
28:30 Hand Cart
28:01 Town Watch
29:33 Leather Archer Armor
35:28 Imperial Age
35:21 Town Patrol
36:05 Arbalester
38:16 Bracer
40:25 Bow Saw
41:02 Ring Archer Armor
42:07 Chain Barding Armor
44:02 Iron Casting
44:03 Plate Barding Armor
43:30 Husbandry
42:51 Cavalier
42:51 Light Cavalry
45:13 Chemistry
44:35 Ballistics
44:11 Murder Holes
44:41 Conscription
46:58 Blast Furnace
David Di Vaio
4:29 Loom
13:02 Feudal Age
13:28 Double-Bit Axe
14:52 Fletching
15:26 Town Watch
24:20 Castle Age
23:55 Padded Archer Armor
23:59 Horse Collar
24:34 Elite Skirmisher
25:16 Bodkin Arrow
25:59 Bow Saw
27:10 Ballistics
32:35 Wheelbarrow
34:11 Thumb Ring
35:02 Hand Cart
37:54 Imperial Age
36:52 Leather Archer Armor
38:03 Onager
40:52 Town Patrol
Wild Boar
12:06 Feudal Age
13:39 Double-Bit Axe
15:59 Castle Age
15:04 Fletching
16:54 Wheelbarrow
17:23 Bow Saw
17:59 Bodkin Arrow
18:12 Loom
21:18 Horse Collar
25:52 Town Watch
26:21 Padded Archer Armor
29:05 Heavy Plow
33:54 Leather Archer Armor
33:59 Bloodlines
35:28 Gold Mining
40:03 Imperial Age
38:12 Stone Mining
38:59 Gold Shaft Mining
39:21 Scale Barding Armor
40:07 Ballistics
39:42 Light Cavalry
40:23 Husbandry
41:25 Bracer
42:30 Chemistry
41:53 Elite Skirmisher
43:16 Thumb Ring
43:41 Conscription
43:48 Conscription
42:51 Imperial Skirmisher
namlongdl
6:29 Loom
12:52 Feudal Age
16:33 Double-Bit Axe
17:02 Fletching
23:46 Castle Age
22:50 Gold Mining
23:16 Padded Archer Armor
23:53 Crossbowman
24:41 Bodkin Arrow
26:11 Stone Mining
26:40 Pikeman
28:48 Leather Archer Armor
28:21 Elite Skirmisher
31:15 Wheelbarrow
31:45 Town Watch
32:21 Hand Cart
42:51 Imperial Age
41:45 Thumb Ring
41:46 Squires
42:11 Bow Saw
42:39 Scale Mail Armor
44:16 Chain Mail Armor
Connection lost

Rejoining the realm…

Still unreachable

The connection could not be restored.

Session expired

The server has moved on; the page needs a fresh start.